Unix NetHack Version 5.0.0-0 post-release - last build May  4 2026 22:22:43 (774f63e81ad911689b3a0859ea89b322d5daca8d,branch:main).

Game began 2026-05-08 22:19:52, ended 2026-05-08 22:46:48.

DeathOnAStick, neutral male human Tourist

                #                                  ------------           #
            -------                             ###...........|     ---------
 -----      |.....|                                |..........|    #+.......|
 |...|      |.....|                                |..........|#####|.......|
 |...|      |......#########     ----------        |..........|# ###........|
 |...|      ---|---        ######|......[.|      ##...........|# #  |.......|
 |.<..#      ### #              #........>|      # |..........|# @  |.......|
 |...|##     #                   |........-####### -------|----#Z###........|
 ----- ####  #                   |........|  ###################    ---------
          # ##                   |........| ################   #        #
          #-.-----               |........|######   ---.---.---#
          )|.....|               ----------###      |.......^.|#
          #......|             #############        |......^^..#
           |.....|      ########                    |.......^)|
  ----     |......#######                           ----...----
  |  |     |.....|                                     |...|
  |  |     |.`[..|                                     |...|
  ----     -------                                     -----
             #

DeathOnAStick the Sightseer  St:11 Dx:11 Co:14 In:13 Wi:11 Ch:17  Neutral S:550
Dlvl:4  $:840 HP:0(31) Pw:15(15) AC:3  Xp:4/80 T:1729  Hungry  

Latest messages:
 You are beginning to feel hungry.
 Fido misses the orc zombie.
 Fido misses the orc zombie.
 A gnome zombie claws itself out of the ground!
 In what direction? b
 The dart misses the human zombie.
 Fido2 bites the gnome zombie.
 The gnome zombie hits Fido2.
 Fido misses the orc zombie.
 Fido2 misses the gnome zombie.
 Fido misses the orc zombie.
 An orc zombie claws itself out of the ground!
 The dwarf zombie rises from the dead!
 The kobold zombie rises from the dead!
 Fido2 misses it.
 Fido bites it.
 It misses Fido.
 Fido2 misses it.
 Fido bites it.
 You hear some noises.
 You hear some noises in the distance.
 You hear some noises.
 You hear some noises in the distance.
 You have a sad feeling for a moment, then it passes.
 You hear some noises.
 You miss the human zombie.
 In what direction? b
 The dart misses the human zombie.
 The human zombie hits!
 In what direction? b
 The dart hits the human zombie!
 The human zombie hits!
 In what direction? b
 The dart hits the human zombie!
 The human zombie hits!
 In what direction? b
 The dart hits the human zombie.
 The human zombie misses!
 In what direction? b
 The dart misses the human zombie.
 The human zombie hits!
 In what direction? b
 The dart misses the human zombie.
 The human zombie hits!
 You die...
 Do you want your possessions identified? [ynq] (y) y
 Do you want to see your attributes? [ynq] (y) y
 Do you want an account of creatures vanquished? [ynaq] (y) y
 Do you want to see your conduct and achievements? [ynq] (y) y
 Do you want to see the dungeon overview? [ynq] (y) y

Inventory:
 Coins    ('$')
  $ - 840 gold pieces
 Weapons  (')')
  b - 9 +2 darts (at the ready)
  a - a +0 orcish dagger (weapon in right hand)
 Armor    ('[')
  J - an uncursed +0 orcish helm (being worn)
  k - an uncursed +0 small shield (being worn)
  H - an uncursed +0 elven mithril-coat (being worn)
 Comestibles  ('%')
  E - an uncursed cream pie
  u - an uncursed eucalyptus leaf
  I - 9 uncursed food rations
 Scrolls  ('?')
  p - an uncursed scroll of create monster
  P - an uncursed scroll of destroy armor
  Q - an uncursed scroll of enchant weapon
  U - a blessed scroll of food detection
  R - an uncursed scroll of light
  g - an uncursed scroll of magic mapping
  M - an uncursed scroll of teleportation
 Potions  ('!')
  f - an uncursed potion of extra healing
  m - 2 uncursed potions of healing
  j - an uncursed potion of water
 Rings    ('=')
  C - an uncursed ring of searching
  n - an uncursed ring of stealth
 Wands    ('/')
  V - a wand of undead turning (0:8)
 Tools    ('(')
  x - an uncursed credit card
  v - an expensive camera (0:84)

DeathOnAStick the Tourist's attributes:

Background:
 You were a Sightseer, a level 4 male human Tourist.
 You were neutral, nominally on a mission for The Lady
 who was opposed by Blind Io (lawful) and Offler (chaotic).
 You were right-handed.
 You were in the Dungeons of Doom, on level 4.
 You entered the dungeon 1729 turns ago.
 It was nighttime.
 You had 80 experience points, 80 more were needed to attain level 5.
 Your score was 550 before end-of-game adjustments.

Basics:
 You had 0 out of 31 hit points.
 You had all 15 energy points (spell power).
 Your armor class was 3.
 Your wallet contained 840 zorkmids.
 Autopickup was off.

Final Characteristics:
 Your strength was 11 (limit:18/100).
 Your dexterity was 11 (limit:18).
 Your constitution was 14 (limit:18).
 Your intelligence was 13 (limit:18).
 Your wisdom was 11 (limit:18).
 Your charisma was 17 (limit:18).

Final Status:
 You were hungry.
 You were unencumbered.
 You were wielding a dagger.
 You were unskilled in dagger.

Final Attributes:
 You were fervently aligned.
 You were guarded.
 You are dead.

Miscellaneous:
 You didn't encounter any bones levels.
 Total elapsed playing time was 26 minutes and 54 seconds.

Major events:
 Turn
    1: DeathOnAStick the neutral male human Tourist entered the dungeon
  980: entered the Gnomish Mines
 1169: read a Discworld novel
 1169: attained the rank of Sightseer (level 3)
 1729: killed by a human zombie

You didn't know any spells.

Skills:
 Fighting Skills
   bare handed combat [Unskilled]
   two weapon combat  [Unskilled]
   riding             [Unskilled]
 Weapon Skills
   dagger             [Unskilled]
   knife              [Unskilled]
   axe                [Unskilled]
   pick-axe           [Unskilled]
   short sword        [Unskilled]
   broadsword         [Unskilled]
   long sword         [Unskilled]
   two-handed sword   [Unskilled]
   saber              [Unskilled]
   mace               [Unskilled]
   morning star       [Unskilled]
   flail              [Unskilled]
   hammer             [Unskilled]
   quarterstaff       [Unskilled]
   polearms           [Unskilled]
   spear              [Unskilled]
   trident            [Unskilled]
   lance              [Unskilled]
   bow                [Unskilled]
   sling              [Unskilled]
   crossbow           [Unskilled]
   dart               [Basic]
   shuriken           [Unskilled]
   boomerang          [Unskilled]
   whip               [Unskilled]
   unicorn horn       [Unskilled]
 Spellcasting Skills
   divination spells  [Unskilled]
   enchantment spells [Unskilled]
   escape spells      [Unskilled]

Voluntary challenges:
 Character rerolling was not enabled.
 You were an atheist.
 You never genocided any monsters.
 You never polymorphed an object.
 You never changed form.
 You used no wishes.
Achievements:
 You entered a shop.
 You entered the Gnomish Mines.
 You read from a Discworld novel.
 You attained the rank of Sightseer.

 The Dungeons of Doom: levels 1 to 5
    Level 1:
       A fountain.
    Level 2:
       A general store, a fountain.
    Level 3:
       A scroll shop.
       Stairs down to The Gnomish Mines.
    Level 4: <- You were here.
       Final resting place for
          you, killed by a human zombie.
    Level 5:
       An altar to The Lady, a fountain.
 The Gnomish Mines:
    Level 4:


Vanquished creatures:
  a little dog
  a homunculus
  a giant bat
  2 orc zombies
  a dwarf zombie
 an iguana
 an acid blob
  5 coyotes
  2 giant rats
  2 gnome zombies
  3 jackals
  a fox
  a goblin
  2 lichens
  a kobold zombie
  a newt
26 creatures vanquished.

No species were genocided or became extinct.

Game over:
                       ----------
                      /          \
                     /    REST    \
                    /      IN      \
                   /     PEACE      \
                  /                  \
                  |  DeathOnAStick   |
                  |      840 Au      |
                  |   killed by a    |
                  |   human zombie   |
                  |                  |
                  |                  |
                  |       2026       |
                 *|     *  *  *      | *
        _________)/\\_//(\/(/\)/\//\/|_)_______

Aloha DeathOnAStick the Tourist...

You died in The Dungeons of Doom on dungeon level 4 with 550 points,
and 840 pieces of gold, after 1729 moves.
You were level 4 with a maximum of 31 hit points when you died.

